Cogmind - Beta 10.2 @@@ ROGUE MODE // 2020.12.17 @ 16:40:19 Player: Cracklepappy Result: Destroyed by 9B-1Z7(Y) with Heavy Autocannon Performance ------------- Evolutions (6) 3000 Regions Visited (31) 6200 Robots Destroyed (375) 1875 Value Destroyed (18263) 18263 Prototype IDs (61) 1220 Alien Tech Used (2) 400 Bonus (7862) 7862 TOTAL SCORE: 38820 Bonus ------- High Alert Combat Kills 2974 Follower Combat Kills 2579 Entered Garrisons 600 Used RIF Installer 1500 Network Hubs Disabled 800 Aligned with FarCom 300 Met Data Miner 300 Met Zhirov 300 MAIN.C Attacked Warlord 500 Warlord Defense Kill 176 A7 Reached Mainframe 300 Friendly Fire -2467 Cogmind --------- Core Integrity 0/1150 Matter 290/300 Energy 268/315 System Corruption 15% Temperature Cool (0) Movement Walking (120) Location -4/Warlord Parts ------- > --- POWER (3) -------- Neutrino Core > --- PROPULSION (4) --- Flexi-carbon Leg Flexi-carbon Leg Flexi-carbon Leg Flexi-carbon Leg > --- UTILITY (8) ------ (None) > --- WEAPON (4) ------- (None) > --- INVENTORY (4) ---- High-capacity Matter Pod (200) Transdimensional Reconstructor Peak State ------------ > --- POWER ------------ Antimatter Reactor Light Antimatter Reactor Quantum Reactor > --- PROPULSION ------- Heavy Treads Heavy Treads > --- UTILITY ---------- High-capacity Storage Unit High-capacity Storage Unit Experimental Sensor Array Advanced Core Analyzer Experimental Utility Shielding Improved Medium Armor Plating Light Regenerative Plating Advanced Force Field > --- WEAPON ----------- EMDS EMDS > --- INVENTORY -------- Angular Momentum Engine Centrium Heavy Treads Advanced Heat Sink Advanced Heat Sink Improved Energy Well High-capacity Matter Pod Quantum Capacitor Improved Weapon Shielding Improved System Backup Module Transdimensional Reconstructor Advanced Variable Charge Gun Quantum Rifle Cooled Phase Cannon KE Penetrator Heavy Shock Bomb Launcher Phasing Sabre [Rating: 138] Favorites ----------- Power Antimatter Reactor Engine Deuterium Engine Power Core Neutrino Core Reactor Antimatter Reactor Propulsion Heavy Treads Treads Heavy Treads Leg Flexi-carbon Leg Wheel Wheel Utility High-capacity Storage Unit Device Advanced Force Field Storage High-capacity Storage Unit Processor Advanced Signal Interpreter Hackware Relay Coupler [NC] Protection Damper Plating Weapon Flak Gun Energy Gun Advanced Variable Charge Gun Energy Cannon EMDS Ballistic Gun Flak Gun Ballistic Cannon AWS/Autocannon Launcher Heavy Shock Bomb Launcher Special Weapon Remote Datajack Impact Weapon Powered Hammer Slashing Weapon Phasing Sabre Special Melee Weapon Improved Datajack Build | -11 -10 -10 -10 -9 -8 -8 -7 -7 -7 -7 -7 -6 -6 -6 -6 -6 -6 -6 -6 -6 -5 -5 -5 -5 -5 -5 -4 -4 -4 -4 -4 ------- Run | Scr Mat Min Exi Min Mat Gar Fac Gar Fac Low Dat Pro Fac Was Fac Ext Cet Arc Hub Gar Fac Was Fac Upp Upp Zhi Pro Fac Upp Upp War Slots Evolved 12 | . . . . . 4 . 2 . . . . . 2 . . . . . . . 2 . . . . . . 2 . . . Power 2 | . . . . . . . . . . . . . 1 . . . . . . . . . . . . . . 1 . . . Propulsion 2 | . . . . . 1 . . . . . . . . . . . . . . . 1 . . . . . . . . . . Utility 6 | . . . . . 2 . 2 . . . . . 1 . . . . . . . 1 . . . . . . . . . . Weapon 2 | . . . . . 1 . . . . . . . . . . . . . . . . . . . . . . 1 . . . Parts Attached 461 | 7 10 3 1 5 23 9 5 31 37 3 . 28 1 7 4 11 8 1 46 25 17 13 13 15 19 11 11 24 6 7 60 Power 33 | 1 . . . 1 . . 1 1 2 . . 2 . 2 . . 1 . 2 . . 2 . 1 . . . 6 . . 11 Engine 7 | 1 . . . 1 . . 1 1 1 . . 1 . . . . . . . . . . . . . . . . . . 1 Core 10 | . . . . . . . . . 1 . . 1 . . . . . . . . . . . . . . . . . . 8 Reactor 16 | . . . . . . . . . . . . . . 2 . . 1 . 2 . . 2 . 1 . . . 6 . . 2 Propulsion 52 | 2 . 1 . . 6 3 . 6 8 . . 1 . 1 . 1 1 . 1 . 4 4 1 . . . . . . . 12 Treads 46 | 1 . 1 . . 6 3 . 6 8 . . 1 . 1 . 1 1 . 1 . 4 4 1 . . . . . . . 7 Leg 5 | . . . . . . . . . . . . . . . . . . . . . . . . . . . . . . . 5 Wheel 1 | 1 . . . . . . . . . . . . . . . . . . . . . . . . . . . . . . . Hover . | . . . . . . . . . . . . . . . . . . . . . . . . . . . . . . . . Flight . | . . . . . . . . . . . . . . . . . . . . . . . . . . . . . . . . Utility 174 | 2 4 . 1 . 6 . 3 12 12 3 . 15 1 2 1 . 2 1 21 7 6 5 6 10 8 7 7 9 4 4 15 Device 89 | . . . . . . . 1 1 1 2 . 7 . . 1 . . 1 15 4 4 3 5 8 7 5 6 5 4 . 9 Storage 20 | 2 3 . 1 . . . . 6 3 . . 1 . . . . 1 . 2 . . . . . . . . . . . 1 Processor 5 | . . . . . 2 . . . 1 . . . . . . . . . . . . . . . . . . . . 1 1 Hackware 11 | . . . . . . . . . 3 . . . . 1 . . 1 . . 3 2 1 . . . . . . . . . Protection 49 | . 1 . . . 4 . 2 5 4 1 . 7 1 1 . . . . 4 . . 1 1 2 1 2 1 4 . 3 4 Artifact . | . . . . . . . . . . . . . . . . . . . . . . . . . . . . . . . . Weapon 202 | 2 6 2 . 4 11 6 1 12 15 . . 10 . 2 3 10 4 . 22 18 7 2 6 4 11 4 4 9 2 3 22 Energy Gun 21 | . . . . . . . . . . . . . . . . . 1 . 4 4 2 1 1 . 2 . . . . 2 4 Energy Cannon 8 | . . . . . . . . . . . . . . . . . . . . . . . . . . 1 . . . . 7 Ballistic Gun 94 | 2 3 1 . 2 6 4 1 7 8 . . 4 . . 1 7 2 . 10 6 2 . 4 2 5 2 2 5 1 . 7 Ballistic Cannon 13 | . . . . . 2 . . . . . . 1 . . 1 1 1 . 3 2 . . . . . . . . . . 2 Launcher 30 | . 3 1 . 2 3 2 . 2 1 . . 2 . . . 2 . . 1 1 1 . 1 2 2 . 2 . . 1 1 Special Weapon 9 | . . . . . . . . . 2 . . . . 1 1 . . . . 2 1 1 . . . . . 1 . . . Impact Weapon 9 | . . . . . . . . 2 3 . . 3 . 1 . . . . . . . . . . . . . . . . . Slashing Weapon 16 | . . . . . . . . . . . . . . . . . . . 4 3 1 . . . 2 1 . 3 1 . 1 Piercing Weapon . | . . . . . . . . . . . . . . . . . . . . . . . . . . . . . . . . Special Melee Weapon 2 | . . . . . . . . 1 1 . . . . . . . . . . . . . . . . . . . . . . Unidentified Prototypes 17 | . . . . . . . 1 . . 1 . 1 . . . . 1 . 4 . . 1 . . . 4 . . . . 4 Parts Lost 50 | . . . . . . 1 . 4 7 . . 2 . . . . . . . . . . . 1 . . . . . . 35 Power 10 | . . . . . . . . . 2 . . 1 . . . . . . . . . . . 1 . . . . . . 6 Propulsion 12 | . . . . . . 1 . 1 2 . . . . . . . . . . . . . . . . . . . . . 8 Utility 11 | . . . . . . . . 1 1 . . . . . . . . . . . . . . . . . . . . . 9 Weapon 17 | . . . . . . . . 2 2 . . 1 . . . . . . . . . . . . . . . . . . 12 Highest Loss Streak 16 | . . . . . . 1 . 4 4 . . 2 . . . . . . . . . . . 1 . . . . . . 16 Average Slot Usage (%) 84 | . 99 100 86 85 89 90 87 97 99 100 100 97 86 86 86 82 79 86 85 71 79 76 75 76 76 75 75 78 89 89 72 Engine 3 | . 14 14 14 14 9 9 7 7 6 7 7 4 6 4 . . . . . . . . . . . . . . . . . Reactor 7 | . . . . . . . . . . . . . . 6 13 13 13 13 13 13 11 11 11 11 11 11 11 14 15 15 5 Treads 16 | . 14 21 28 28 26 27 23 23 22 23 23 23 20 15 13 13 13 13 13 13 14 11 11 11 11 11 11 10 10 10 10 Device 10 | . . . . . . . 2 5 6 15 15 14 13 6 6 13 6 12 13 12 15 13 16 17 17 12 11 10 10 10 10 Storage 13 | . 22 28 15 14 9 9 7 19 18 15 15 15 13 13 13 13 14 13 13 13 11 11 11 11 11 11 11 10 10 10 9 Processor 3 | . . . . . 6 9 7 7 7 7 7 7 6 6 6 6 6 6 4 . . . . . . . . . . 3 4 Protection 7 | . 4 . . . 11 9 15 9 8 6 7 7 5 6 6 6 6 6 7 6 5 5 5 5 5 8 10 10 21 16 8 Energy Gun 1 | . . . . . . . . . . . . . . . . . 2 6 5 2 6 10 4 . . . . . . 9 3 Ballistic Gun 14 | . 27 28 28 27 21 26 23 21 20 23 23 17 13 6 10 12 6 13 11 4 8 . 11 16 10 13 12 19 19 10 3 Naked Turns 18 | . . . . . . . . . . . . . . . . . . . . . . . . . . . . . . . 18 Heaviest Build 216 | 17 33 33 89 91 107 105 113 130 101 99 94 159 104 128 148 192 195 142 216 216 175 172 170 179 180 176 181 199 163 170 181 Greatest Support 140 | 10 10 40 40 40 60 68 68 68 76 76 76 76 76 98 98 100 100 100 100 100 140 140 140 140 140 140 140 140 140 140 140 Greatest Overweight (x) 5 | 1 3 3 2 2 2 1 1 1 3 1 1 2 1 1 1 1 1 1 2 2 2 2 1 1 1 1 1 1 1 1 5 Average Overweight (x) 1 | . 1 1 1 2 1 1 1 . 1 1 1 1 1 1 1 1 1 1 1 1 1 1 1 . 1 1 1 1 1 1 . Largest Inventory Capacity 34 | 8 14 14 24 24 24 24 24 34 26 20 20 20 20 20 20 20 20 20 20 20 20 20 20 20 20 20 20 20 20 20 20 Average Capacity 20 | 6 9 14 22 24 24 24 24 21 21 20 20 20 20 20 20 20 20 20 20 20 20 20 20 20 20 20 20 20 20 20 18 Most Carried 24 | 8 14 14 23 24 24 24 24 24 23 20 20 20 20 20 20 20 20 20 20 20 20 20 20 20 20 20 20 20 20 20 20 Average Carried 19 | 3 9 13 17 23 23 23 23 20 20 19 20 19 19 19 19 19 19 19 19 19 19 19 19 19 19 19 20 19 19 19 15 Final Capacity 24 | 8 14 14 24 24 24 24 24 22 20 20 20 20 20 20 20 20 20 20 20 20 20 20 20 20 20 20 20 20 20 20 4 Final Carried 24 | 8 14 14 23 24 24 24 24 22 20 20 20 20 20 20 20 20 20 20 20 20 20 20 20 20 20 20 20 20 20 20 2 Class Distribution -------------------- 32% | Scavenger-Tank 15% | Scavenger-Mutant 14% | Scavenger-Skirmisher 12% | Hauler-Mutant 8% | Hauler-Tank 6% | Hauler-Skirmisher 4% | Generator-Tank 3% | Mutant Dominant Class ---------------- Mutant | -10/Materials Mutant | -10/Mines Hauler-Mutant | -10/Exiles Hauler-Mutant | -9/Mines Hauler-Skirmisher | -8/Materials Hauler-Skirmisher | -8/Garrison Scavenger-Tank | -7/Factory Scavenger-Skirmisher | -7/Garrison Scavenger-Skirmisher | -7/Factory Scavenger-Skirmisher | -7/Lower Caves Scavenger-Skirmisher | -7/Data Miner Hauler-Mutant | -6/Proximity Caves Hauler-Mutant | -6/Factory Hauler-Mutant | -6/Waste Hauler-Skirmisher | -6/Factory Scavenger-Tank | -6/Extension Scavenger-Tank | -6/Cetus Scavenger-Tank | -6/Archives Hauler-Tank | -6/Hub_04(d) Scavenger-Skirmisher | -6/Garrison Scavenger-Tank | -5/Factory Scavenger-Mutant | -5/Waste Scavenger-Tank | -5/Factory Scavenger-Tank | -5/Upper Caves Scavenger-Tank | -5/Upper Caves Scavenger-Mutant | -5/Zhirov Scavenger-Tank | -4/Proximity Caves Scavenger-Tank | -4/Factory Generator-Tank | -4/Upper Caves Generator-Tank | -4/Upper Caves Scavenger-Mutant | -4/Warlord Resources | -11 -10 -10 -10 -9 -8 -8 -7 -7 -7 -7 -7 -6 -6 -6 -6 -6 -6 -6 -6 -6 -5 -5 -5 -5 -5 -5 -4 -4 -4 -4 -4 ----------- Run | Scr Mat Min Exi Min Mat Gar Fac Gar Fac Low Dat Pro Fac Was Fac Ext Cet Arc Hub Gar Fac Was Fac Upp Upp Zhi Pro Fac Upp Upp War Matter Collected 14067 | 295 353 56 . 139 731 243 205 1184 1148 71 . 498 138 91 45 321 80 64 2067 672 320 307 501 394 478 120 286 607 889 84 1680 Remotely . | . . . . . . . . . . . . . . . . . . . . . . . . . . . . . . . . Salvage Created 20685 | 96 413 9 . 15 994 393 436 1595 1354 . . 480 . 130 . 479 245 150 3825 617 344 1728 991 795 670 326 485 830 641 60 2584 Parts 866 | 6 23 4 . 9 51 28 16 63 68 . . 17 . 5 . 16 12 4 192 29 20 34 48 27 15 3 28 43 16 . 89 Haulers Intercepted 6 | . 2 . . . 1 . . . . . . . . . . . . . 2 . 1 . . . . . . . . . . Recyclers Shooed 6 | . 1 . . . . . . . . . . . . . . . . . . . 3 . 2 . . . . . . . . Parts Field Recycled 12 | . . . . . . . . . . 12 . . . . . . . . . . . . . . . . . . . . . Retrieved Matter 133 | . . . . . . . . . . 133 . . . . . . . . . . . . . . . . . . . . . Parts Self-Destructed 120 | . . . . . . . . . . 3 . 17 . . . . . . . . . . . 19 11 2 11 . 22 2 33 Prevented 49 | . . . . . . . . . . . . . . . . . . . . . . . . 9 6 . 11 . . 2 21 Kills | -11 -10 -10 -10 -9 -8 -8 -7 -7 -7 -7 -7 -6 -6 -6 -6 -6 -6 -6 -6 -6 -5 -5 -5 -5 -5 -5 -4 -4 -4 -4 -4 ------- Run | Scr Mat Min Exi Min Mat Gar Fac Gar Fac Low Dat Pro Fac Was Fac Ext Cet Arc Hub Gar Fac Was Fac Upp Upp Zhi Pro Fac Upp Upp War Combat Hostiles Destroyed 325 | . 8 3 . 6 13 14 5 29 29 . . 13 . . . 5 5 2 52 14 4 6 13 15 22 . 13 13 7 2 32 Melee 2 | . . . . . . . . . . . . . . . . . . . . . . . . . . . . 2 . . . Guns 179 | . 5 . . . 10 7 5 21 21 . . 5 . . . 1 . 2 32 8 4 6 13 6 9 . 5 10 7 . 2 Cannons 44 | . . . . . . . . . . . . 1 . . . 4 5 . 16 3 . . . . . . . . . . 15 AOE 87 | . 3 3 . 6 3 7 . 8 8 . . 7 . . . . . . 4 3 . . . 9 13 . 8 1 . 2 2 Classes Destroyed 25 | 2 3 . . . 7 . 2 1 1 . . 1 . 1 . . . . . . . 1 1 . 2 . . . . . 3 Worker 9 | . . . . . 2 . . . 2 . . . . . . . . . 5 . . . . . . . . . . . . Builder 9 | . . . . . 1 . . . . . . . . . . 2 . . 2 . 1 . 1 . . . . 2 . . . Tunneler 2 | 1 . . . . . . . . . . . . . . . . . . . . . . 1 . . . . . . . . Hauler 6 | . 2 . . . 1 . . . . . . . . . . . . . 2 . 1 . . . . . . . . . . Recycler 15 | 1 1 . . . 5 . 2 . 1 . . . . . . . . . 4 . . . 1 . . . . . . . . Mechanic 1 | . . . . . 1 . . . . . . . . . . . . . . . . . . . . . . . . . . Operator 1 | . . . . . . . . . . . . . . . . . . . . . . . 1 . . . . . . . . Watcher 10 | . . . . . 1 . . . 2 . . . . . . 2 1 . 2 . . . 2 . . . . . . . . Swarmer 72 | . 3 3 . 6 3 7 . 7 3 . . 7 . . . . 1 . 4 3 . . . 5 7 . 10 . 1 2 . Grunt 81 | . 5 . . . 4 5 1 12 15 . . 4 . . . 1 1 . 13 7 . . . 6 1 . 3 1 2 . . Brawler 9 | . . . . . . . 1 1 1 . . 1 . . . . . . 3 . . . . . 1 . . 1 . . . Duelist 15 | . . . . . 1 . 1 . 2 . . . . . . . . . 3 . . . . 3 2 . . 1 2 . . Protector 5 | . . . . . . . . . 2 . . . . . . . . . 3 . . . . . . . . . . . . Sentry 35 | . . . . . 4 2 . 7 3 . . . . . . 1 . 2 8 1 . . 3 1 1 . . . 2 . . Specialist 1 | . . . . . . . . 1 . . . . . . . . . . . . . . . . . . . . . . . Hunter 14 | . . . . . 1 . . 1 . . . . . . . 1 . . 1 2 1 . 4 . . . . 2 . . 1 Programmer 28 | . . . . . . . 2 . 3 . . . . . . . . . 5 1 3 . 6 . . . . 8 . . . Behemoth 3 | . . . . . . . . . . . . 1 . . . 2 . . . . . . . . . . . . . . . Compactor 6 | . . . . . . . . . . . . . . . . . . . . . . 6 . . . . . . . . . Cetus Guard 3 | . . . . . . . . . . . . . . . . . 3 . . . . . . . . . . . . . . Enhanced Grunt 1 | . . . . . . . . . . . . 1 . . . . . . . . . . . . . . . . . . . Lightning 12 | . . . . . . . . . . . . . . . . . . . 12 . . . . . . . . . . . . Decomposer 1 | . . . . . . . . . . . . . . . . . . . . . . . . . . . . . 1 . . Samaritan 4 | . . . . . . . . . . . . . . . . . . . . . . . . . 1 . . . 3 . . Assembled 11 | . . . . . . . . . . . . . . . . . . . . . . . . . 11 . . . . . . Surgeon 1 | . . . . . . . . . . . . . . . . 1 . . . . . . . . . . . . . . . Thug 11 | . . . . . . . . . . . . . . . . . . . . . . . . . . . . . . . 11 Savage 2 | . . . . . . . . . . . . . . . . 1 . . . . . . . . . . . . . . 1 Butcher 6 | . . . . . . . . . . . . . . . . 1 1 . . . . . . . . . . . . . 4 Bouncer 7 | . . . . . . . . . . . . . . . . . . . . . . . . . . . . . . . 7 Martyr 2 | . . . . . . . . . . . . . . 2 . . . . . . . . . . . . . . . . . Marauder 2 | . . . . . . . . . . . . . . . . . . . . . . . . . . . . . . . 2 Fireman 1 | . . . . . . . . . . . . . . . . . . . . . . . . . . . . . . . 1 Mutant 2 | . . . . . . . . . . . . . . . . . . . . . . . . . . . . . . . 2 Commander 1 | . . . . . . . . . . . . . . . . . . . . . . . . . . . . . . . 1 Knight 1 | . . . . . . . . . . . . . . . . . . . . . . . . . . . . . . . 1 Best Kill Streak 13 | 2 3 3 . 3 5 6 5 6 12 . . 4 . . . 6 4 1 9 3 4 1 5 6 13 . 5 4 4 2 7 Combat Bots Only 13 | . 3 3 . 3 3 6 2 6 10 . . 4 . . . 3 3 1 9 3 3 1 4 6 13 . 5 3 4 2 7 Max Kills in Single Turn 9 | 1 1 3 . 3 5 4 1 3 4 . . 2 . 1 . 2 1 1 3 2 1 1 2 3 9 . 4 1 1 2 2 Gunslinging 1 | . . . . . . 1 . . . . . . . . . . . . . . . . . . . . . . . . . Exploded 8 | . 1 3 . 3 2 4 . 3 4 . . 2 . . . . . . 3 2 . . . 2 8 . 4 1 . 2 2 Melee 1 | . . . . . . . . . . . . . . . . . . . . . . . . . . . . 1 . . . Uniques/NPCs Destroyed 1 | . . . . . . . . . . . . . . . . . . . . . . . . . . . . . . . 1 Fake God Mode (-4/Warlord) Combat | -11 -10 -10 -10 -9 -8 -8 -7 -7 -7 -7 -7 -6 -6 -6 -6 -6 -6 -6 -6 -6 -5 -5 -5 -5 -5 -5 -4 -4 -4 -4 -4 -------- Run | Scr Mat Min Exi Min Mat Gar Fac Gar Fac Low Dat Pro Fac Was Fac Ext Cet Arc Hub Gar Fac Was Fac Upp Upp Zhi Pro Fac Upp Upp War Damage Taken 19726 | . 297 118 . 48 529 393 280 1534 1761 . . 599 . . . 350 287 24 1434 631 157 . 541 794 240 . 272 966 677 14 7780 Core 1894 | . 105 29 . 10 29 . . 153 144 . . 53 . . . 17 . . 68 17 11 . 12 34 9 . 11 15 14 14 1149 Absorbed by Shields 6512 | . . . . . . . . 92 . . . . . . . 376 300 26 1522 614 137 . 470 361 214 . 275 805 681 14 625 Reduced by Siege Mode 87 | . . . . . . . . . . . . . . . . . . . 14 . 1 . . . . . . 8 . . 64 Core Remaining (%) 77 | 100 . . . 42 . 94 . . . . . 50 . . . . . . . 88 . . . . . . 92 . . . . Volleys Fired 927 | 5 36 2 . 5 41 15 15 82 63 . . 21 . 2 3 14 . 6 193 35 26 89 39 18 27 . 14 37 24 2 113 Largest 4 | 2 2 1 . 1 3 3 3 3 3 . . 3 . 1 1 3 . 3 3 3 3 2 3 3 3 . 3 4 4 1 4 Hottest 395 | 40 60 30 . 30 75 76 76 84 95 . . 84 . 30 30 86 . 138 240 138 188 155 131 102 225 . 104 121 121 46 395 Shots Fired 2348 | 10 71 2 . 5 115 38 45 208 185 . . 52 . 2 3 69 30 14 527 90 60 169 114 48 62 . 39 139 96 2 153 Gun 1969 | 10 62 . . . 101 35 45 202 179 . . 39 . . . 33 . 14 444 76 52 162 114 41 53 . 29 137 96 . 45 Cannon 273 | . . . . . 12 . . . . . . 5 . . . 33 30 . 81 6 . . . . . . . . . . 106 Launcher 79 | . 9 2 . 5 2 3 . 6 4 . . 8 . . . 3 . . 2 3 2 . . 7 9 . 10 . . 2 2 Special 27 | . . . . . . . . . 2 . . . . 2 3 . . . . 5 6 7 . . . . . 2 . . . Kinetic 1789 | 10 62 . . . 113 35 45 202 179 . . 44 . . . 66 30 12 422 58 35 9 76 41 49 . 29 137 96 . 39 Thermal 370 | . . . . . . . . . . . . . . . . . . 2 103 24 17 153 38 . 4 . . . . . 29 Explosive 49 | . 9 2 . 5 2 3 . 6 4 . . 8 . . . 3 . . 2 3 2 . . . . . . . . . . Electromagnetic 113 | . . . . . . . . . . . . . . . . . . . . . . . . 7 9 . 10 . . 2 85 Robot Hit Streak 43 | 6 19 1 . 6 21 38 43 38 16 . . 14 . 1 4 15 17 8 31 18 16 28 28 17 9 . 14 13 23 10 24 Robot Miss Streak 8 | 1 4 1 . . 5 1 1 3 7 . . 6 . 1 . 5 3 4 4 8 3 3 5 6 5 . 6 5 4 . 3 Penetration Max 1 | . . . . . . . . 1 1 . . . . . . . . . 1 . 1 . . . . . . 1 1 . 1 Secondary Targets 19 | . . . . . . 1 1 5 1 . . 1 . . . . . . 4 . 1 . 1 2 . . . . 2 . . Max Gunslinging Chain 1 | . . . . . . 1 1 1 1 . . 1 . . . . . . 1 . 1 . 1 1 . . . . 1 . . Capacitor 62 | . . . . . . . . . . . . . . . . . . . . . . . . . . . . . . . 62 Autonomous 156 | . . . . . . . . . . . . 5 . . . 33 30 . 81 7 . . . . . . . . . . . Shots Hit Robots 1862 | 8 43 1 . 5 80 33 38 171 156 . . 43 . 8 3 60 24 10 398 74 42 147 92 41 48 8 24 108 82 2 113 Core Hits 1193 | 3 21 5 . 9 46 24 17 158 153 . . 41 . 2 . 37 8 8 159 53 28 27 97 46 54 5 24 70 45 4 49 Critical Hits 73 | . . . . . 2 . . 1 . . . . . . . 2 . . 43 . 3 . . 1 . . 1 3 4 . 13 Critical Kills 28 | . . . . . . . . 1 . . . . . . . . . . 20 . . . . 1 . . . 1 . . 5 Critical Parts Destroyed 39 | . . . . . 1 . . . . . . . . . . 2 . . 21 . 3 . . . . . 1 2 4 . 5 Melee Attacks 79 | . . . . . . . . 3 15 . . 12 2 7 . . . . 5 4 3 . . . 4 8 . 9 6 . 1 Impact 39 | . . . . . . . . 3 15 . . 12 2 7 . . . . . . . . . . . . . . . . . Slashing 40 | . . . . . . . . . . . . . . . . . . . 5 4 3 . . . 4 8 . 9 6 . 1 Piercing . | . . . . . . . . . . . . . . . . . . . . . . . . . . . . . . . . Sneak Attacks 13 | . . . . . . . . . . . . . . 7 . . . . . . . . . . . . . . 6 . . Combat Hostiles . | . . . . . . . . . . . . . . . . . . . . . . . . . . . . . . . . Follow-up Attacks . | . . . . . . . . . . . . . . . . . . . . . . . . . . . . . . . . Damage Inflicted 58619 | 87 694 128 . 377 1653 960 755 3744 3889 . . 1894 . 411 . 3278 1758 204 12023 1789 1122 5173 2450 1444 2513 986 999 3208 2490 142 4448 Guns 30728 | 87 486 . . . 1170 579 755 3059 2843 . . 684 . . . 390 . 204 5538 947 1122 3944 2384 764 728 . 380 2191 1716 . 757 Cannons 13799 | . . . . . 68 . . . . . . 429 . . . 2257 1758 . 5450 476 . . . . . . . . . . 3361 Explosions 10085 | . 208 128 . 377 338 381 . 685 1038 . . 781 . . . 611 . . 920 366 . . . 680 1785 . 619 696 . 142 330 Melee 2364 | . . . . . . . . . . . . . . 411 . . . . . . . . . . . 986 . 193 774 . . Ramming 1643 | . . . . . 77 . . . 8 . . . . . . 20 . . 115 . . 1229 66 . . . . 128 . . . Kinetic 33430 | 87 486 . . . 1238 579 755 3059 2843 . . 1113 . . . 2647 1758 161 8479 912 762 291 1640 764 728 . 380 2191 1716 . 841 Thermal 10184 | . . 45 . . . . . . . . . . . . . . . 43 2552 511 360 3653 744 54 922 . 184 696 . . 420 Explosive 5150 | . 208 83 . 377 338 381 . 685 1038 . . 781 . . . 611 . . 282 366 . . . . . . . . . . . Electromagnetic 5848 | . . . . . . . . . . . . . . . . . . . 595 . . . . 626 863 . 435 . . 142 3187 Impact 411 | . . . . . . . . . . . . . . 411 . . . . . . . . . . . . . . . . . Slashing 1953 | . . . . . . . . . . . . . . . . . . . . . . . . . . 986 . 193 774 . . Piercing . | . . . . . . . . . . . . . . . . . . . . . . . . . . . . . . . . Highest Corruption 15 | . . . . . . . 1 1 3 3 3 3 . . . . . . 12 12 . 2 1 1 . . . . . . 15 Average Corruption 2 | . . . . . . . 1 1 1 3 3 2 . . . . . . 4 6 . 1 1 1 . . . . . . 4 Corruption Purged 20 | . . . . . . . . . . . . 3 . . . . . . 2 12 . 2 . 1 . . . . . . . Effects 184 | . . . . . . . 1 9 9 8 5 29 . . . . . . 45 53 . 7 1 1 . . . . . . 16 Message Errors 45 | . . . . . . . . 5 4 2 2 9 . . . . . . 8 10 . 1 . . . . . . . . 4 Matter Fused 34 | . . . . . . . . . . 4 1 8 . . . . . . 9 11 . . . . . . . . . . 1 Heat Flow Errors 21 | . . . . . . . . . . . . 2 . . . . . . 4 10 . 2 . . . . . . . . 3 Energy Discharges 28 | . . . . . . . . . 3 1 1 7 . . . . . . 4 10 . . . 1 . . . . . . 1 Parts Rejected 1 | . . . . . . . . . . . . . . . . . . . 1 . . . . . . . . . . . . Data Loss (minor) 26 | . . . . . . . . 2 2 1 1 2 . . . . . . 4 11 . 2 . . . . . . . . 1 Data Loss (major) 3 | . . . . . . . . . . . . . . . . . . . 2 1 . . . . . . . . . . . Misdirections 2 | . . . . . . . . . . . . . . . . . . . 2 . . . . . . . . . . . . Targeting Errors 19 | . . . . . . . 1 1 . . . 1 . . . . . . 10 . . 2 . . . . . . . . 4 Weapon Failures 5 | . . . . . . . . 1 . . . . . . . . . . 1 . . . 1 . . . . . . . 2 Overload Shots 13 | . . . . . . . . . . . . . . . . . . . 2 . . . . . 4 . . . . . 7 Effects 2 | . . . . . . . . . . . . . . . . . . . . . . . . . . . . . . . 2 Meltdown 2 | . . . . . . . . . . . . . . . . . . . . . . . . . . . . . . . 2 Overflow Damage 2487 | . 14 6 . 11 2 . . . 52 . . 96 . 62 . 259 95 . 529 102 . 10 20 5 258 221 10 288 355 . 92 Projectiles 1018 | . . . . . 2 . . . . . . 5 . . . 253 95 . 474 97 . . . . . . . . . . 92 Explosions 745 | . 14 6 . 11 . . . . 52 . . 91 . . . 6 . . 29 5 . . . 5 258 . 10 258 . . . Melee 724 | . . . . . . . . . . . . . . 62 . . . . 26 . . 10 20 . . 221 . 30 355 . . Knockbacks 54 | . . . . . . . . . . . . . . 2 . . 4 . 38 2 . . . . . . . 2 . . 6 Impact 4 | . . . . . . . . . . . . . . 2 . . . . . . . . . . . . . 2 . . . Kinetic 46 | . . . . . . . . . . . . . . . . . 4 . 34 2 . . . . . . . . . . 6 Secondary 4 | . . . . . . . . . . . . . . . . . . . 4 . . . . . . . . . . . . Self-Inflicted Damage 617 | . 9 54 . . . 31 . . 118 . . 68 . . . 56 . . 191 . . . . 7 8 . 3 . . . 72 Shots 31 | . 1 2 . . . 1 . . 3 . . 1 . . . 2 . . 6 . . . . 4 5 . 3 . . . 3 Rammed 161 | . . . . . 6 . . . 2 . . . . . . 2 . . 4 . . 136 3 . . . . 8 . . . Targets Rammed 163 | . . . . . 6 . . . 2 . . . . . . 2 . . 5 . . 136 4 . . . . 8 . . . Kicked . | . . . . . . . . . . . . . . . . . . . . . . . . . . . . . . . . Crushed 2 | . . . . . . . . . . . . . . . . . . . 1 . . . 1 . . . . . . . . Highest Temperature 533 | . 2 . . . 79 144 62 159 27 . . 129 . 9 33 183 . 186 274 533 378 363 177 378 424 . 70 245 26 . 367 Average Temperature 83 | . 2 . . . 23 53 18 35 13 . . 31 . 9 17 73 . 93 101 56 155 102 51 156 126 . 30 92 11 . 106 Received Heat Transfer 2713 | . 114 . . . 144 171 27 490 498 . . 75 . . . 85 45 4 209 134 8 . 36 133 16 . 14 58 64 . 388 Effects 11 | . . . . . . . . . . . . . . . . . . . 1 5 1 . . . 1 . . . . . 3 Shutdowns 5 | . . . . . . . . . . . . . . . . . . . . 1 . . . . 1 . . . . . 3 Energy Bleed 5 | . . . . . . . . . . . . . . . . . . . 1 3 1 . . . . . . . . . . Matter Decay 1 | . . . . . . . . . . . . . . . . . . . . 1 . . . . . . . . . . . Siege Activations 11 | . . . . . . . . . . . . . . . . 1 . . 4 1 1 . . 1 . . . 1 . . 2 Total Turns 2269 | . . . . . . . . . . . . . . . . 20 . . 281 1867 37 . . 10 . . . 22 . . 32 Longest Duration 1867 | . . . . . . . . . . . . . . . . 20 . . 161 1867 37 . . 10 . . . 22 . . 22 Robots Corrupted 14 | . . . . . . . . . . . . . . . . . . . 1 . . . . . . . . . . . 13 Combat Hostiles 13 | . . . . . . . . . . . . . . . . . . . . . . . . . . . . . . . 13 Parts Fried 54 | . . . . . . . . . . . . . . 1 . 1 1 . 3 . . . 3 2 3 . 4 . . . 36 Impact Corruptions 5 | . . . . . . . . . . . . . . 2 . . . . 1 . . 1 1 . . . . . . . . Robots Melted . | . . . . . . . . . . . . . . . . . . . . . . . . . . . . . . . . Combat Hostiles . | . . . . . . . . . . . . . . . . . . . . . . . . . . . . . . . . Parts Melted 14 | . . . . . . . . . . . . 2 . . . 1 . . 2 2 2 . 5 . . . . . . . . Heat Transferred 14547 | . . 50 . . . . . . . . . . . . . . . 74 2863 1150 687 6342 1550 50 960 . 200 300 . . 321 Parts Sabotaged . | . . . . . . . . . . . . . . . . . . . . . . . . . . . . . . . . Parts Stolen . | . . . . . . . . . . . . . . . . . . . . . . . . . . . . . . . . Parts Stripped . | . . . . . . . . . . . . . . . . . . . . . . . . . . . . . . . . Power Chain Reactions 8 | . . . . . . . . . . . . . . . . . . . 3 . . . . 1 . . 2 . . . 2 Missiles Intercepted . | . . . . . . . . . . . . . . . . . . . . . . . . . . . . . . . . Alert | -11 -10 -10 -10 -9 -8 -8 -7 -7 -7 -7 -7 -6 -6 -6 -6 -6 -6 -6 -6 -6 -5 -5 -5 -5 -5 -5 -4 -4 -4 -4 -4 ------- Run | Scr Mat Min Exi Min Mat Gar Fac Gar Fac Low Dat Pro Fac Was Fac Ext Cet Arc Hub Gar Fac Was Fac Upp Upp Zhi Pro Fac Upp Upp War Peak Influence 1523 | 10 221 112 . 140 239 550 349 1017 1363 . . . 1 27 415 362 561 377 1404 1523 977 286 234 . . . . 807 . . . Initial 982 | . 6 27 . . . 155 288 175 533 . . . . . . 129 98 224 . 982 799 271 . . . . . 69 . . . Average 439 | 2 142 72 . 51 54 360 262 727 828 . . . . 6 270 170 313 184 271 1147 868 111 75 . . . . 268 . . . Maximum Alert Level 4 | . 1 . . . 1 2 1 3 4 . . . . . 2 1 2 1 4 4 3 1 1 . . . . 3 . . . Low Security (%) 44 | 100 73 100 . 100 94 3 12 3 . . . . 100 100 25 64 11 67 63 . . 69 92 . . . . 65 . . . Level 1 15 | . 26 . . . 5 66 87 2 . . . . . . 65 35 50 32 11 . . 30 7 . . . . 8 . . . Level 2 10 | . . . . . . 29 . 29 45 . . . . . 8 . 37 . 14 . . . . . . . . 12 . . . Level 3 20 | . . . . . . . . 64 41 . . . . . . . . . 2 57 100 . . . . . . 12 . . . Level 4 8 | . . . . . . . . . 13 . . . . . . . . . 8 42 . . . . . . . . . . . Level 5 . | . . . . . . . . . . . . . . . . . . . . . . . . . . . . . . . . High Security . | . . . . . . . . . . . . . . . . . . . . . . . . . . . . . . . . Max Security . | . . . . . . . . . . . . . . . . . . . . . . . . . . . . . . . . Squads Dispatched 47 | . 3 . . . 4 . 3 . 12 . . . . . 2 2 . . 10 . 2 . 3 . . . . 6 . . . Investigation 4 | . 2 . . . 1 . . . . . . . . . . . . . 1 . . . . . . . . . . . . Extermination 16 | . . . . . . . . . 3 . . . . . 1 . . . 5 . 1 . 2 . . . . 4 . . . Reinforcement 13 | . 1 . . . 2 . . . 2 . . . . . 1 2 . . 2 . 1 . 1 . . . . 1 . . . Assault 10 | . . . . . . . . . 7 . . . . . . . . . 2 . . . . . . . . 1 . . . Garrison 4 | . . . . . 1 . 3 . . . . . . . . . . . . . . . . . . . . . . . . Intercept . | . . . . . . . . . . . . . . . . . . . . . . . . . . . . . . . . Construction Impeded 4 | . . . . . . . . . 1 . . . . . . 2 . . . . 1 . . . . . . . . . . Haulers Reinforced 1 | . . . . . . . . . 1 . . . . . . . . . . . . . . . . . . . . . . Stealth | -11 -10 -10 -10 -9 -8 -8 -7 -7 -7 -7 -7 -6 -6 -6 -6 -6 -6 -6 -6 -6 -5 -5 -5 -5 -5 -5 -4 -4 -4 -4 -4 --------- Run | Scr Mat Min Exi Min Mat Gar Fac Gar Fac Low Dat Pro Fac Was Fac Ext Cet Arc Hub Gar Fac Was Fac Upp Upp Zhi Pro Fac Upp Upp War Distress Signals 16 | . 1 . . . 2 . . . . . . . . . 1 2 2 . 2 . 2 . 2 . . . . . . . 2 Communications Jammed . | . . . . . . . . . . . . . . . . . . . . . . . . . . . . . . . . Distress Signals . | . . . . . . . . . . . . . . . . . . . . . . . . . . . . . . . . Times Spotted 496 | . 22 3 . 6 30 10 11 28 39 . . 17 . 3 11 21 19 5 77 18 15 5 26 19 24 . 13 19 8 3 44 Peak Tracking Total 11 | . 3 3 . 3 5 6 6 7 11 . . 4 . 2 4 4 5 2 8 3 6 2 4 9 9 . 5 5 4 3 7 Tactical Retreats 19 | . 1 . . . . 1 . 4 . . . 2 . . . 1 2 . . . . . . 5 . . . . 1 . 2 Traps | -11 -10 -10 -10 -9 -8 -8 -7 -7 -7 -7 -7 -6 -6 -6 -6 -6 -6 -6 -6 -6 -5 -5 -5 -5 -5 -5 -4 -4 -4 -4 -4 ------- Run | Scr Mat Min Exi Min Mat Gar Fac Gar Fac Low Dat Pro Fac Was Fac Ext Cet Arc Hub Gar Fac Was Fac Upp Upp Zhi Pro Fac Upp Upp War Traps Triggered 41 | . 1 . . . 2 4 . 11 2 . . 1 1 . . 3 . . . 10 1 . 1 . . . . 1 . . 3 Indirectly 2 | . . . . . . . . . . . . . . . . . . . . . . . . . . . . . . . 2 Trap Hack Attempts 8 | . . . . . . . . 8 . . . . . . . . . . . . . . . . . . . . . . . Triggered . | . . . . . . . . . . . . . . . . . . . . . . . . . . . . . . . . Disarmed . | . . . . . . . . . . . . . . . . . . . . . . . . . . . . . . . . Reprogrammed . | . . . . . . . . . . . . . . . . . . . . . . . . . . . . . . . . Reused . | . . . . . . . . . . . . . . . . . . . . . . . . . . . . . . . . Traps Extracted . | . . . . . . . . . . . . . . . . . . . . . . . . . . . . . . . . Installed . | . . . . . . . . . . . . . . . . . . . . . . . . . . . . . . . . Triggered 4 | . . . . . . . . . . . . 2 . . . . . . . . . . . 1 1 . . . . . . Exploded 1 | . . . . . 1 . . . . . . . . . . . . . . . . . . . . . . . . . . Machines | -11 -10 -10 -10 -9 -8 -8 -7 -7 -7 -7 -7 -6 -6 -6 -6 -6 -6 -6 -6 -6 -5 -5 -5 -5 -5 -5 -4 -4 -4 -4 -4 ---------- Run | Scr Mat Min Exi Min Mat Gar Fac Gar Fac Low Dat Pro Fac Was Fac Ext Cet Arc Hub Gar Fac Was Fac Upp Upp Zhi Pro Fac Upp Upp War Machines Disabled 58 | . 1 1 . . . 1 . 2 9 . . . . . . 1 2 2 21 3 . . . . 4 . . 8 . . 3 Max in Single Turn 8 | . 1 1 . . . 1 . 1 4 . . . . . . 1 1 1 8 1 . . . . 2 . . 4 . . 1 Garrison Access 2 | . . . . . . . . . . . . . . . . . . . 1 . . . . . . . . 1 . . . Garrison Relay 5 | . . . . . . . . 2 . . . . . . . . . . . 3 . . . . . . . . . . . Network Hub 4 | . . . . . . . . . . . . . . . . . . . 4 . . . . . . . . . . . . Machines Sabotaged . | . . . . . . . . . . . . . . . . . . . . . . . . . . . . . . . . Garrisons Compromised . | . . . . . . . . . . . . . . . . . . . . . . . . . . . . . . . . Overloaded Fab Kills . | . . . . . . . . . . . . . . . . . . . . . . . . . . . . . . . . Fab Network Shutdowns 2 | . . . . . . . . . 1 . . . . . . . . . . . . . . . . . . 1 . . . Hacking | -11 -10 -10 -10 -9 -8 -8 -7 -7 -7 -7 -7 -6 -6 -6 -6 -6 -6 -6 -6 -6 -5 -5 -5 -5 -5 -5 -4 -4 -4 -4 -4 --------- Run | Scr Mat Min Exi Min Mat Gar Fac Gar Fac Low Dat Pro Fac Was Fac Ext Cet Arc Hub Gar Fac Was Fac Upp Upp Zhi Pro Fac Upp Upp War Machines Accessed 65 | . 6 . 2 . 5 . 2 . 4 . 4 . . . 4 4 2 . 12 . 1 . 5 . 1 9 . 3 . 1 . Terminals 32 | . 4 . . . 4 . 1 . 2 . . . . . 1 4 2 . 10 . 1 . 2 . . . . 1 . . . Fabricators 5 | . . . . . . . . . 2 . . . . . 1 . . . . . . . 1 . . . . 1 . . . Repair Stations 2 | . . . . . . . . . . . . . . . 1 . . . . . . . 1 . . . . . . . . Recycling Units 2 | . 2 . . . . . . . . . . . . . . . . . . . . . . . . . . . . . . Scanalyzers 2 | . . . . . . . . . . . . . . . 1 . . . . . . . 1 . . . . . . . . Garrison Access 5 | . . . . . 1 . 1 . . . . . . . . . . . 2 . . . . . . . . 1 . . . Total Hacks 226 | . 24 . 2 . 15 . 4 . 7 . 26 . . . 9 8 6 . 29 . 13 . 19 . 1 48 . 14 . 1 . Successful 157 | . 13 . 2 . 12 . 3 . 4 . 26 . . . 5 2 5 . 12 . 4 . 8 . 1 48 . 11 . 1 . Failed 69 | . 11 . . . 3 . 1 . 3 . . . . . 4 6 1 . 17 . 9 . 11 . . . . 3 . . . Catastrophic 14 | . 2 . . . . . 1 . 1 . . . . . . 2 . . 4 . 2 . 2 . . . . . . . . Database Lockouts . | . . . . . . . . . . . . . . . . . . . . . . . . . . . . . . . . Manual 79 | . 17 . 1 . 10 . 2 . . . . . . . 3 1 1 . 22 . 13 . 2 . . . . 6 . . 1 Terminals 105 | . 22 . . . 14 . 1 . 3 . . . . . 2 8 6 . 23 . 13 . 7 . . . . 6 . . . Fabricators 15 | . . . . . . . . . 4 . . . . . 2 . . . . . . . 3 . . . . 6 . . . Repair Stations 8 | . . . . . . . . . . . . . . . 2 . . . . . . . 6 . . . . . . . . Recycling Units 2 | . 2 . . . . . . . . . . . . . . . . . . . . . . . . . . . . . . Scanalyzers 6 | . . . . . . . . . . . . . . . 3 . . . . . . . 3 . . . . . . . . Garrison Access 12 | . . . . . 1 . 3 . . . . . . . . . . . 6 . . . . . . . . 2 . . . Terminal Hacks 102 | . 5 . 2 . 7 . . . 1 . 26 . . . . 2 5 . 2 . 1 . . . 1 48 . 1 . 1 . Record 53 | . . . 1 . . . . . . . 11 . . . . . 4 . . . . . . . 1 36 . . . . . Part Schematic 12 | . 1 . . . 1 . . . . . 6 . . . . . . . . . . . . . . 4 . . . . . Robot Schematic 6 | . . . . . . . . . . . 6 . . . . . . . . . . . . . . . . . . . . Robot Analysis 5 | . . . . . 1 . . . . . . . . . . . . . . . . . . . . 4 . . . . . Prototype ID Bank 8 | . 1 . . . . . . . . . 3 . . . . . . . . . . . . . . 4 . . . . . Open Door 3 | . . . . . . . . . . . . . . . . 1 1 . . . . . . . . . . . . 1 . Branch Access Points 2 | . . . . . . . . . . . . . . . . . . . . . 1 . . . . . . 1 . . . Alert Level 1 | . . . . . 1 . . . . . . . . . . . . . . . . . . . . . . . . . . Unreport Threat 4 | . . . . . 1 . . . . . . . . . . 1 . . 2 . . . . . . . . . . . . Locate Traps 4 | . 2 . . . 1 . . . 1 . . . . . . . . . . . . . . . . . . . . . . Hauler Manifests 1 | . . . . . 1 . . . . . . . . . . . . . . . . . . . . . . . . . . Registered Components 1 | . 1 . . . . . . . . . . . . . . . . . . . . . . . . . . . . . . Zone Layout 1 | . . . . . 1 . . . . . . . . . . . . . . . . . . . . . . . . . . EX-Prototype ID Bank 1 | . . . 1 . . . . . . . . . . . . . . . . . . . . . . . . . . . . Fabricator Hacks 11 | . . . . . . . . . 3 . . . . . 1 . . . . . . . 2 . . . . 5 . . . Load Schematic 5 | . . . . . . . . . 1 . . . . . 1 . . . . . . . 1 . . . . 2 . . . Build 6 | . . . . . . . . . 2 . . . . . . . . . . . . . 1 . . . . 3 . . . Repair Station Hacks 6 | . . . . . . . . . . . . . . . 2 . . . . . . . 4 . . . . . . . . Scan Component 3 | . . . . . . . . . . . . . . . 1 . . . . . . . 2 . . . . . . . . Repair 3 | . . . . . . . . . . . . . . . 1 . . . . . . . 2 . . . . . . . . Recycling Unit Hacks . | . . . . . . . . . . . . . . . . . . . . . . . . . . . . . . . . Scanalyzer 4 | . . . . . . . . . . . . . . . 2 . . . . . . . 2 . . . . . . . . Insert Component 2 | . . . . . . . . . . . . . . . 1 . . . . . . . 1 . . . . . . . . Analyze 2 | . . . . . . . . . . . . . . . 1 . . . . . . . 1 . . . . . . . . Garrison Access Hacks 6 | . . . . . 1 . 2 . . . . . . . . . . . 2 . . . . . . . . 1 . . . Unlock Access 3 | . . . . . 1 . 1 . . . . . . . . . . . 1 . . . . . . . . . . . . Seal Access 2 | . . . . . . . . . . . . . . . . . . . 1 . . . . . . . . 1 . . . Coupler Status 1 | . . . . . . . 1 . . . . . . . . . . . . . . . . . . . . . . . . Unauthorized Hacks 28 | . 8 . . . 4 . 1 . . . . . . . . . . . 8 . 3 . . . . . . 4 . . . Terminals 24 | . 6 . . . 4 . . . . . . . . . . . . . 8 . 3 . . . . . . 3 . . . Track 15 | . 3 . . . 2 . . . . . . . . . . . . . 8 . 1 . . . . . . 1 . . . Botnet 4 | . 1 . . . 1 . . . . . . . . . . . . . . . 1 . . . . . . 1 . . . Operators 5 | . 2 . . . 1 . . . . . . . . . . . . . . . 1 . . . . . . 1 . . . Fabricators . | . . . . . . . . . . . . . . . . . . . . . . . . . . . . . . . . Repair Stations . | . . . . . . . . . . . . . . . . . . . . . . . . . . . . . . . . Recycling Units 2 | . 2 . . . . . . . . . . . . . . . . . . . . . . . . . . . . . . Tunnel 2 | . 2 . . . . . . . . . . . . . . . . . . . . . . . . . . . . . . Scanalyzers . | . . . . . . . . . . . . . . . . . . . . . . . . . . . . . . . . Garrison Access 2 | . . . . . . . 1 . . . . . . . . . . . . . . . . . . . . 1 . . . Restock 1 | . . . . . . . 1 . . . . . . . . . . . . . . . . . . . . . . . . Watchers 1 | . . . . . . . . . . . . . . . . . . . . . . . . . . . . 1 . . . Data Cores Recovered . | . . . . . . . . . . . . . . . . . . . . . . . . . . . . . . . . Used . | . . . . . . . . . . . . . . . . . . . . . . . . . . . . . . . . Hacking Detections 37 | . 4 . . . 4 . 2 . 3 . . . . . 3 3 . . 12 . 1 . 3 . . . . 2 . . . Full Trace Events . | . . . . . . . . . . . . . . . . . . . . . . . . . . . . . . . . Feedback Events . | . . . . . . . . . . . . . . . . . . . . . . . . . . . . . . . . Feedback Blocked . | . . . . . . . . . . . . . . . . . . . . . . . . . . . . . . . . Robot Schematics Acquired 6 | . . . . . . . . . . . 6 . . . . . . . . . . . . . . . . . . . . Robots Built . | . . . . . . . . . . . . . . . . . . . . . . . . . . . . . . . . Matter . | . . . . . . . . . . . . . . . . . . . . . . . . . . . . . . . . Time . | . . . . . . . . . . . . . . . . . . . . . . . . . . . . . . . . Total Robot Build Rating . | . . . . . . . . . . . . . . . . . . . . . . . . . . . . . . . . Part Schematics Acquired 13 | . 1 . . . 1 . . . . . 6 . . . 1 . . . . . . . . . . 4 . . . . . Parts Built 7 | . . . . . . . . . 2 . . . . . . . . . . . . . 2 . . . . 3 . . . Matter 1001 | . . . . . . . . . 204 . . . . . . . . . . . . . 256 . . . . 541 . . . Time 394 | . . . . . . . . . 50 . . . . . . . . . . . . . 64 . . . . 280 . . . Total Part Build Rating 39 | . . . . . . . . . 2 . . . . . . . . . . . . . 16 . . . . 21 . . . Parts Repaired 3 | . . . . . . . . . . . . . . . 1 . . . . . . . 2 . . . . . . . . Time 185 | . . . . . . . . . . . . . . . 68 . . . . . . . 117 . . . . . . . . Parts Recycled . | . . . . . . . . . . . . . . . . . . . . . . . . . . . . . . . . Recycled Matter . | . . . . . . . . . . . . . . . . . . . . . . . . . . . . . . . . Retrieved Matter . | . . . . . . . . . . . . . . . . . . . . . . . . . . . . . . . . Retrieved Components . | . . . . . . . . . . . . . . . . . . . . . . . . . . . . . . . . Parts Scanalyzed 2 | . . . . . . . . . . . . . . . 1 . . . . . . . 1 . . . . . . . . Part Schematics Acquired 1 | . . . . . . . . . . . . . . . 1 . . . . . . . . . . . . . . . . Parts Damaged . | . . . . . . . . . . . . . . . . . . . . . . . . . . . . . . . . Bothacking | -11 -10 -10 -10 -9 -8 -8 -7 -7 -7 -7 -7 -6 -6 -6 -6 -6 -6 -6 -6 -6 -5 -5 -5 -5 -5 -5 -4 -4 -4 -4 -4 ------------ Run | Scr Mat Min Exi Min Mat Gar Fac Gar Fac Low Dat Pro Fac Was Fac Ext Cet Arc Hub Gar Fac Was Fac Upp Upp Zhi Pro Fac Upp Upp War Used RIF Installer 3 | . . . . . . 1 . 1 . . . . . . . . . . . 1 . . . . . . . . . . . Alert ID Control 1 | . . . . . . . . 1 . . . . . . . . . . . . . . . . . . . . . . . Program Shield 1 | . . . . . . . . . . . . . . . . . . . . 1 . . . . . . . . . . . Robots Hacked 20 | . . . . . . . . . 1 . . . . 2 2 . . . . 4 4 6 . . . . . 1 . . . Non-combat 6 | . . . . . . . . . 1 . . . . . 2 . . . . . 2 . . . . . . 1 . . . Combat 14 | . . . . . . . . . . . . . . 2 . . . . . 4 2 6 . . . . . . . . . Robot Hacks Applied 24 | . . . . . . . . . 1 . . . . 2 3 . . . . 4 5 7 . . . . . 2 . . . parse_system 1 | . . . . . . . . . . . . . . 1 . . . . . . . . . . . . . . . . . find_chute 3 | . . . . . . . . . . . . . . . . . . . . . 1 . . . . . . 2 . . . ignore_repairs 2 | . . . . . . . . . . . . . . . . . . . . . 2 . . . . . . . . . . purge_threat 1 | . . . . . . . . . . . . . . . 1 . . . . . . . . . . . . . . . . locate_traps 1 | . . . . . . . . . . . . . . . 1 . . . . . . . . . . . . . . . . map_route 2 | . . . . . . . . . 1 . . . . . 1 . . . . . . . . . . . . . . . . ignore_targets 8 | . . . . . . . . . . . . . . 1 . . . . . . . 7 . . . . . . . . . streamctrl_high 1 | . . . . . . . . . . . . . . . . . . . . 1 . . . . . . . . . . . formatsys_high 5 | . . . . . . . . . . . . . . . . . . . . 3 2 . . . . . . . . . . Relay Couplers Released 18 | . . . . . . . . 8 . . . . . . . . . . . 10 . . . . . . . . . . . Machine Destruction 18 | . . . . . . . . 8 . . . . . . . . . . . 10 . . . . . . . . . . . Attached 8 | . . . . . . . . . 1 . . . . 1 . . . . . 3 2 1 . . . . . . . . . Robots Rewired 10 | . . . . . . . . . . . . . . . . 7 . . . . . . . 2 . . . . 1 . . Allies Hacked 1 | . . . . . . . . . . . . . . . . . . . . . 1 . . . . . . . . . . Hacks Repelled . | . . . . . . . . . . . . . . . . . . . . . . . . . . . . . . . . Allies | -11 -10 -10 -10 -9 -8 -8 -7 -7 -7 -7 -7 -6 -6 -6 -6 -6 -6 -6 -6 -6 -5 -5 -5 -5 -5 -5 -4 -4 -4 -4 -4 -------- Run | Scr Mat Min Exi Min Mat Gar Fac Gar Fac Low Dat Pro Fac Was Fac Ext Cet Arc Hub Gar Fac Was Fac Upp Upp Zhi Pro Fac Upp Upp War Total Allies 53 | . . . . 2 . . . . . . . 1 . 19 . 18 4 . . 4 2 . . 2 . . . . 1 . . Largest Group 19 | . . . . 2 2 . . . . . . 1 . 19 13 16 11 4 2 2 2 . . 2 2 . . . 1 1 1 Highest-Rated Group 714 | . . . . 46 46 . . . . . . 94 . 714 493 550 504 233 119 64 64 . . 59 59 . . . 47 47 47 Highest-Rated Ally 156 | . . . . 31 31 . . . . . . 94 . 50 46 156 149 94 87 32 49 . . 30 30 . . . 47 47 47 Total Orders 1 | . . . . . . . . . . . . . . . . . . . . . . . 1 . . . . . . . . EXPLORE 1 | . . . . . . . . . . . . . . . . . . . . . . . 1 . . . . . . . . Ally Attacks 490 | . . . . . 13 . . . . . . 13 . 107 93 67 122 12 15 15 14 . . 8 8 . . . 1 2 . Total Damage 11535 | . . . . . 209 . . . . . . 371 . 2305 2038 1662 3420 291 321 251 413 . . 111 104 . . . 18 21 . Kills 81 | . . . . . 5 . . . . . . 4 . 6 14 14 16 3 6 3 3 . . 2 3 . . . 1 1 . Allies Corrupted 2 | . . . . . . . . . . . . . . 1 . . . . . . 1 . . . . . . . . . . Allies Melted 1 | . . . . . . . . . . . . . . . . . 1 . . . . . . . . . . . . . . Intel | -11 -10 -10 -10 -9 -8 -8 -7 -7 -7 -7 -7 -6 -6 -6 -6 -6 -6 -6 -6 -6 -5 -5 -5 -5 -5 -5 -4 -4 -4 -4 -4 ------- Run | Scr Mat Min Exi Min Mat Gar Fac Gar Fac Low Dat Pro Fac Was Fac Ext Cet Arc Hub Gar Fac Was Fac Upp Upp Zhi Pro Fac Upp Upp War Robot Analysis Total 5 | . . . . . 1 . . . . . . . . . . . . . . . . . . . . 4 . . . . . Derelict Logs Recovered 5 | . . . . 1 . . . . . . . 1 . . . . . . . . . . . 1 . . 2 . . . . Drone Launches 2 | . . . . . . . . . . . . . . . . . . . . . . . 2 . . . . . . . . Drone Recoveries 1 | . . . . . . . . . . . . . . . . . . . . . . . 1 . . . . . . . . Exploration | -11 -10 -10 -10 -9 -8 -8 -7 -7 -7 -7 -7 -6 -6 -6 -6 -6 -6 -6 -6 -6 -5 -5 -5 -5 -5 -5 -4 -4 -4 -4 -4 ------------- Run | Scr Mat Min Exi Min Mat Gar Fac Gar Fac Low Dat Pro Fac Was Fac Ext Cet Arc Hub Gar Fac Was Fac Upp Upp Zhi Pro Fac Upp Upp War Turns Passed 36366 | 91 818 335 1045 687 1599 620 625 2202 2009 576 139 1991 82 670 751 1066 590 1232 3952 3976 441 1312 1432 1572 1212 536 753 1333 1115 670 934 Spaces Moved 15222 | 67 677 240 532 315 680 298 272 1005 884 317 78 942 41 351 354 494 296 146 1527 958 174 404 573 584 582 272 382 534 547 359 337 Core 32 | 2 . . . . . . . . . . . . . . . . . . . . . . . . . . . . . . 30 Treads 14290 | . . 110 532 315 680 298 272 1005 884 317 78 942 41 351 354 494 296 146 1527 958 174 404 573 584 582 272 382 534 547 359 279 Legs 28 | . . . . . . . . . . . . . . . . . . . . . . . . . . . . . . . 28 Wheels 872 | 65 677 130 . . . . . . . . . . . . . . . . . . . . . . . . . . . . . Hover . | . . . . . . . . . . . . . . . . . . . . . . . . . . . . . . . . Flight . | . . . . . . . . . . . . . . . . . . . . . . . . . . . . . . . . Fastest Speed 50 | 50 90 110 160 200 180 180 180 160 180 180 180 180 180 180 180 180 180 180 180 180 180 180 180 160 180 180 180 180 180 180 50 Average Speed 175 | 86 96 132 193 200 180 180 180 175 180 180 180 180 180 180 180 180 180 180 180 182 180 180 180 179 180 180 180 180 180 180 167 Slowest Speed 270 | 90 110 160 200 200 200 180 180 180 220 180 180 200 180 180 180 180 180 180 200 200 200 200 180 180 180 180 180 180 180 180 270 Overloaded Moves . | . . . . . . . . . . . . . . . . . . . . . . . . . . . . . . . . Propulsion Burnouts . | . . . . . . . . . . . . . . . . . . . . . . . . . . . . . . . . Robots Hopped . | . . . . . . . . . . . . . . . . . . . . . . . . . . . . . . . . Cave-ins Triggered 1 | . . . . . . . . . . . . . . . . . . . . . . . . . . . . . . . 1 Exploration Rate (%) 52 | 3 85 52 72 59 50 43 6 72 17 32 69 76 2 96 12 73 73 94 78 68 5 100 17 62 65 62 59 8 69 47 49 Regions Visited 31 Branch Regions 17 Pre-discovered Areas 8 | . 2 . 1 . . . . . . . 1 . . . . . . . . . . . . . . 3 1 . . . . Known Exits Taken 13 | . . . . . 1 . 1 . 1 1 1 1 . . 1 1 1 1 1 . . . 1 . . . . 1 . . . Unknown Exits Taken 11 | 1 1 1 1 1 . . . . . . . . . . . . . . . . . . . 1 1 1 1 . 1 1 . Scrap Searched 18 | . . 1 . 1 . . . . . 5 . 4 . . . . . . . . . . . . 2 . 3 . . 2 . Spaces Dug 106 | . 4 . . . . . . . 12 . . 9 1 . . 18 . . 22 5 15 . . . 7 . . 5 . . 8 Terrain Destroyed 1234 | . 28 28 . 48 20 16 . 41 63 . . 102 1 . . 44 8 . 671 13 29 1 . . 16 . 9 76 3 . 17 Melee 40 | . . . . . . . . . 12 . . 9 1 . . . . . 5 1 3 . . . 3 . . 5 . . 1 Projectile 78 | . . . . . . . . 1 . . . . . . . 3 8 . 27 1 4 1 . . 4 . 3 7 3 . 16 AOE 1116 | . 28 28 . 48 20 16 . 40 51 . . 93 . . . 41 . . 639 11 22 . . . 9 . 6 64 . . . Terrain Rammed . | . . . . . . . . . . . . . . . . . . . . . . . . . . . . . . . . Walls Destroyed . | . . . . . . . . . . . . . . . . . . . . . . . . . . . . . . . . Machines Disabled . | . . . . . . . . . . . . . . . . . . . . . . . . . . . . . . . . Actions | -11 -10 -10 -10 -9 -8 -8 -7 -7 -7 -7 -7 -6 -6 -6 -6 -6 -6 -6 -6 -6 -5 -5 -5 -5 -5 -5 -4 -4 -4 -4 -4 --------- Run | Scr Mat Min Exi Min Mat Gar Fac Gar Fac Low Dat Pro Fac Was Fac Ext Cet Arc Hub Gar Fac Was Fac Upp Upp Zhi Pro Fac Upp Upp War Total 22939 | 87 774 253 551 367 976 356 381 1285 1132 322 77 1183 51 381 466 644 356 1103 2359 3117 248 715 885 1063 683 308 412 799 608 381 616 Wait 5486 | . 26 7 . 37 173 22 82 105 105 . . 149 . 2 103 68 38 950 535 2047 20 62 240 417 45 . 4 164 15 5 65 Move 15191 | 66 676 239 531 314 679 296 271 1004 883 316 77 941 41 350 353 493 295 145 1526 957 174 403 572 583 581 271 381 533 546 358 336 Hop . | . . . . . . . . . . . . . . . . . . . . . . . . . . . . . . . . Pick Up 207 | 9 14 1 17 3 26 2 4 14 8 2 . 14 4 5 2 6 7 1 12 11 3 2 5 1 4 4 . 8 1 2 15 Fast Attach 109 | 6 1 . 1 . 5 . 1 2 5 . . 5 . 1 . 1 1 . 13 5 4 4 7 2 1 10 2 7 . 5 20 Attach 105 | 1 . . . . 7 1 2 5 5 . . 9 1 2 1 4 5 . 14 6 2 1 2 1 1 1 . 4 . . 30 Detach 29 | . 1 . . . . . . . . . . 1 . . . . . . 11 4 1 1 1 . . . . . . . 9 Swap 249 | . 9 3 . 5 11 8 2 24 27 3 . 14 . 4 3 6 2 1 19 14 11 8 4 12 17 1 9 13 6 2 11 Drop 260 | . 11 1 2 3 28 4 4 20 19 1 . 17 3 8 1 8 8 . 26 12 4 9 11 2 3 13 2 16 2 7 15 Fire 927 | 5 36 2 . 5 41 15 15 82 63 . . 21 . 2 3 14 . 6 193 35 26 89 39 18 27 . 14 37 24 2 113 Melee 79 | . . . . . . . . 3 15 . . 12 2 7 . . . . 5 4 3 . . . 4 8 . 9 6 . 1 Ram . | . . . . . . . . . . . . . . . . . . . . . . . . . . . . . . . . Kick . | . . . . . . . . . . . . . . . . . . . . . . . . . . . . . . . . Crush 163 | . . . . . 6 . . . 2 . . . . . . 2 . . 5 . . 136 4 . . . . 8 . . . Escape Stasis 53 | . . . . . . 8 . 18 . . . . . . . 4 . . . 22 . . . . . . . . . . 1 Rewire 73 | . . . . . . . . . . . . . . . . 38 . . . . . . . 27 . . . . 8 . . Trap 8 | . . . . . . . . 8 . . . . . . . . . . . . . . . . . . . . . . . Miscellaneous . | . . . . . . . . . . . . . . . . . . . . . . . . . . . . . . . . Route ------- -11/Scrapyard -10/Materials (discovered 4 exits: [*Mat x3] / [*Min]) -10/Mines (discovered 2 exits: [*Mat] / *Exi) -10/Exiles -9/Mines (discovered 2 exits: *Mat x2) -8/Materials (discovered 2 exits: Fac / Gar) -8/Garrison -7/Factory (discovered 2 exits: Low / Gar) -7/Garrison (discovered 3 exits: *Fac x3) -7/Factory (discovered 4 exits: *Fac x2 / *Sto / *Low) -7/Lower Caves -7/Data Miner -6/Proximity Caves -6/Factory -6/Waste -6/Factory -6/Extension (discovered 3 exits: *Fac x2 / *Cet) -6/Cetus -6/Archives (discovered 3 exits: *Fac / *Hub x2) -6/Hub_04(d) (discovered 4 exits: *Fac x3 / Gar) -6/Garrison (discovered 3 exits: *Fac x3) -5/Factory (discovered 2 exits: Upp x2) -5/Waste -5/Factory (discovered 2 exits: *Fac / *Upp) -5/Upper Caves -5/Upper Caves (discovered 2 exits: *Fac / *Zhi) -5/Zhirov -4/Proximity Caves -4/Factory (discovered 2 exits: *Upp x2) -4/Upper Caves -4/Upper Caves -4/Warlord (discovered 1 exit: [*Pro]) History --------- Turn | Location | Event 14 | -11/Scrapyard | Discovered new exit (range 15) 92 | -11/Scrapyard | Entered Materials 339 | -10/Materials | Build established: Mutant 352 | -10/Materials | Discovered new exit (range 12) 423 | -10/Materials | Discovered new exit (range 13) 499 | -10/Materials | Discovered new exit (range 16) 668 | -10/Materials | Discovered new exit (range 10) 910 | -10/Materials | Entered Mines 928 | -10/Mines | Met a Derelict bent on vengeance 1065 | -10/Mines | Core integrity fell below 50% 1129 | -10/Mines | Received a Rocket Launcher from a helpful Derelict 1152 | -10/Mines | Deemed a non-threat by the Exiles lab entrance 1152 | -10/Mines | Discovered new exit (range 5) 1190 | -10/Mines | Discovered new exit (range 7) 1245 | -10/Mines | Entered Exiles 1284 | -10/Exiles | Met 8R-AWN 1313 | -10/Exiles | Met EX-HEX 1473 | -10/Exiles | Met EX-DEC 1525 | -10/Exiles | Learned location of Zion (-6) 1654 | -10/Exiles | Discovered new exit (range 14) 1663 | -10/Exiles | Build established: Hauler-Mutant 1989 | -10/Exiles | Met EX-BIN 2013 | -10/Exiles | Aligned with FarCom system 2015 | -10/Exiles | Given EX-Vault access code 2061 | -10/Exiles | Opened EX-Vault 2079 | -10/Exiles | Found AWS/Autocannon 2118 | -10/Exiles | Warned to stay clear of 0b10 Research branches 2290 | -10/Exiles | Left Exiles lab with AWS/Autocannon 2290 | -10/Exiles | Entered Mines 2292 | -9/Mines | Discovered new exit (range 9) 2355 | -9/Mines | Joined a pair of Derelicts in attacking an 0b10 outpost 2668 | -9/Mines | Discovered new exit (range 6) 2795 | -9/Mines | Found a damaged Exp. Sensor Array with a note attached 2800 | -9/Mines | Found Prototype Device 2977 | -9/Mines | Entered Materials 2977 | -8/Materials | Accompanied by 2 allies 2977 | -8/Materials | Evolved 4 slots: Propulsion x1, Utility x2, Weapon x1 2982 | -8/Materials | Led the pair of lost Derelicts to an unsafe place 3199 | -8/Materials | Discovered new exit (range 11) 3304 | -8/Materials | Build established: Hauler-Tank 3801 | -8/Materials | Build established: Hauler-Skirmisher 4397 | -8/Materials | Garrison activated, responded to threat 4574 | -8/Materials | Identified exit to Garrison 4576 | -8/Materials | Entered Garrison 4585 | -8/Garrison | Installed Relay Interface Framework 4598 | -8/Garrison | Triggered checkpoint 4900 | -8/Garrison | Triggered checkpoint 5036 | -8/Garrison | Triggered checkpoint 5133 | -8/Garrison | Discovered new exit (range 11) 5196 | -8/Garrison | Entered Factory 5196 | -7/Factory | Evolved 2 slots: Utility x2 5197 | -7/Factory | Identified exit to Lower Caves 5559 | -7/Factory | Garrison activated, responded to threat 5688 | -7/Factory | Identified exit to Garrison 5821 | -7/Factory | Entered Garrison 5909 | -7/Garrison | Build established: Scavenger-Tank 6040 | -7/Garrison | Triggered checkpoint 6158 | -7/Garrison | Triggered checkpoint 6248 | -7/Garrison | Lost 4 parts (1n1u2w) 6284 | -7/Garrison | Discovered new exit (range 10) 6522 | -7/Garrison | Triggered checkpoint 6721 | -7/Garrison | Triggered checkpoint 6822 | -7/Garrison | Triggered checkpoint 7098 | -7/Garrison | Build established: Scavenger-Skirmisher 7258 | -7/Garrison | Triggered checkpoint 7266 | -7/Garrison | Discovered new exit (range 15) 7554 | -7/Garrison | Discovered new exit (range 12) 7583 | -7/Garrison | Expanded RIF knowledge: Alert ID Control 7704 | -7/Garrison | Triggered checkpoint 7749 | -7/Garrison | Garrison Relay disabled 7952 | -7/Garrison | Garrison Relay disabled 8023 | -7/Garrison | Entered Factory 8723 | -7/Factory | Fabricated Hcp. Storage Unit (x1) 8753 | -7/Factory | Fabricated Hcp. Storage Unit (x1) 8823 | -7/Factory | First assault squad dispatched 8929 | -7/Factory | Local fabrication network quarantined 9001 | -7/Factory | Discovered new exit (range 4) 9022 | -7/Factory | Build established: Hauler-Skirmisher 9029 | -7/Factory | Identified exit to Factory 9471 | -7/Factory | Build established: Scavenger-Mutant 9627 | -7/Factory | Discovered new exit (range 65) 9797 | -7/Factory | Destroyed 10 combat bots 9797 | -7/Factory | Lost 4 parts (1p2n1w) 9914 | -7/Factory | Identified exit to Storage 9932 | -7/Factory | Discovered exit to Factory (range 13) 10015 | -7/Factory | Discovered exit to Lower Caves (range 5) 10032 | -7/Factory | Build established: Scavenger-Skirmisher 10032 | -7/Factory | Entered Lower Caves 10032 | -7/Lower Caves | Identified Exp. Sensor Array 10091 | -7/Lower Caves | A Derelict revealed a hidden shortcut to meet someone special 10097 | -7/Lower Caves | Identified exit to Data Miner 10608 | -7/Lower Caves | Entered Data Miner 10608 | -7/Data Miner | Discovered new exit (range 6) 10643 | -7/Data Miner | Met Data Miner 10677 | -7/Data Miner | Learned location of Section 7 (-2) 10677 | -7/Data Miner | Acquired the access code to Warlord's prototype stash 10707 | -7/Data Miner | Received God Mode back door access code from Data Miner 10745 | -7/Data Miner | Identified exit to Proximity Caves 10747 | -7/Data Miner | Entered Proximity Caves 11060 | -6/Proximity Caves | Escorted by Enhanced Grunt 11992 | -6/Proximity Caves | Spotted B-75 Beast 12005 | -6/Proximity Caves | Destroyed B-75 Beast 12304 | -6/Proximity Caves | Build established: Hauler-Mutant 12365 | -6/Proximity Caves | Discovered exit to Factory (range 10) 12738 | -6/Proximity Caves | Entered Factory 12738 | -6/Factory | Evolved 2 slots: Power x1, Utility x1 12739 | -6/Factory | Identified exit to Extension 12820 | -6/Factory | Sucked down chute 12820 | -6/Factory | Entered Waste 12847 | -6/Waste | Spotted C-40 Crusher 12854 | -6/Waste | Spotted C-40 Crusher 12897 | -6/Waste | Warlord forces began an assault 12899 | -6/Waste | Allies destroyed C-40 Crusher 12902 | -6/Waste | Spotted C-40 Crusher 12904 | -6/Waste | Allies destroyed C-40 Crusher 12998 | -6/Waste | Spotted C-40 Crusher 13005 | -6/Waste | Allies destroyed C-40 Crusher 13027 | -6/Waste | Allies destroyed C-40 Crusher 13030 | -6/Waste | Spotted C-40 Crusher 13036 | -6/Waste | Allies destroyed C-40 Crusher 13038 | -6/Waste | Found Damper Plating 13265 | -6/Waste | Discovered new exit (range 12) 13485 | -6/Waste | Identified exit to Factory 13490 | -6/Waste | Entered Factory 13490 | -6/Factory | Accompanied by 13 allies 13798 | -6/Factory | Build established: Hauler-Skirmisher 13986 | -6/Factory | Repaired Adv. Force Field 14220 | -6/Factory | Discovered exit to Extension (range 10) 14241 | -6/Factory | Entered Extension 14241 | -6/Extension | Accompanied by 10 allies 14290 | -6/Extension | Build established: Hauler-Mutant 14306 | -6/Extension | Rescued a captive Derelict 14347 | -6/Extension | Rescued a captive Derelict 14369 | -6/Extension | Rescued a captive Derelict 14630 | -6/Extension | Rescued a captive Derelict 14631 | -6/Extension | Rescued a captive Derelict 14775 | -6/Extension | Rescued A7 14788 | -6/Extension | Spotted B-75 Beast 14794 | -6/Extension | Spotted B-75 Beast 14810 | -6/Extension | Destroyed B-75 Beast 14826 | -6/Extension | Destroyed B-75 Beast 14941 | -6/Extension | Discovered new exit (range 3) 15020 | -6/Extension | Rescued a captive Derelict 15021 | -6/Extension | Rescued a captive Derelict 15055 | -6/Extension | Rescued a captive Derelict 15056 | -6/Extension | Rescued a captive Derelict 15220 | -6/Extension | Rescued a captive Derelict 15257 | -6/Extension | Discovered new exit (range 10) 15262 | -6/Extension | Discovered new exit (range 6) 15274 | -6/Extension | Identified exit to Cetus 15286 | -6/Extension | Build established: Scavenger-Tank 15307 | -6/Extension | Entered Cetus 15307 | -6/Cetus | Accompanied by 11 allies (A7) 15312 | -6/Cetus | Acquired a Cetus Manufacturing Module code from A7 15349 | -6/Cetus | Spotted Cetus Guard 15349 | -6/Cetus | Spotted Cetus Guard 15351 | -6/Cetus | Spotted Cetus Guard 15352 | -6/Cetus | Destroyed Cetus Guard 15353 | -6/Cetus | Spotted Cetus Guard 15356 | -6/Cetus | Destroyed Cetus Guard 15364 | -6/Cetus | Destroyed Cetus Guard 15374 | -6/Cetus | Allies destroyed Cetus Guard 15445 | -6/Cetus | Escorted A7 to Cetus Mainframe 15557 | -6/Cetus | Extracted ID and sensor layout for unrecognized location from A7's data core 15636 | -6/Cetus | Discovered new exit (range 15) 15693 | -6/Cetus | Started Cetus Manufacturing Module 15718 | -6/Cetus | Manufactured an Enhanced Grunt 15743 | -6/Cetus | Manufactured an Enhanced Grunt 15768 | -6/Cetus | Manufactured an Enhanced Grunt 15793 | -6/Cetus | Manufactured an Enhanced Grunt 15802 | -6/Cetus | Cetus Manufacturing Module disabled 15850 | -6/Cetus | Identified exit to Archives 15897 | -6/Cetus | Entered Archives 15897 | -6/Archives | Accompanied by 4 allies 15941 | -6/Archives | Unable to access archive contents 15956 | -6/Archives | Discovered new exit (range 14) 15982 | -6/Archives | Discovered new exit (range 15) 16064 | -6/Archives | Discovered new exit (range 15) 16214 | -6/Archives | Identified exit to Hub_04(d) 17129 | -6/Archives | Entered Hub_04(d) 17129 | -6/Hub_04(d) | Accompanied by 2 allies 17299 | -6/Hub_04(d) | Identified exit to Garrison 17326 | -6/Hub_04(d) | Discovered new exit (range 9) 17341 | -6/Hub_04(d) | Identified exit to Factory 17479 | -6/Hub_04(d) | Incoming investigation squad redirected 17797 | -6/Hub_04(d) | Build established: Hauler-Tank 17882 | -6/Hub_04(d) | Discovered exit to Factory (range 3) 19340 | -6/Hub_04(d) | Discovered exit to Factory (range 7) 19994 | -6/Hub_04(d) | Network Hub disabled 20045 | -6/Hub_04(d) | Network Hub disabled 20047 | -6/Hub_04(d) | Spotted Lightning 20048 | -6/Hub_04(d) | Spotted Lightning 20074 | -6/Hub_04(d) | Spotted Lightning 20074 | -6/Hub_04(d) | Spotted Lightning 20074 | -6/Hub_04(d) | Spotted Lightning 20096 | -6/Hub_04(d) | Destroyed Lightning 20132 | -6/Hub_04(d) | Destroyed Lightning 20158 | -6/Hub_04(d) | Destroyed Lightning 20164 | -6/Hub_04(d) | Spotted Lightning 20215 | -6/Hub_04(d) | Destroyed Lightning 20253 | -6/Hub_04(d) | Destroyed Lightning 20295 | -6/Hub_04(d) | Destroyed Lightning 20308 | -6/Hub_04(d) | Found Prototype Device 20308 | -6/Hub_04(d) | Identified Exp. Phase Shifter 20312 | -6/Hub_04(d) | Found Prototype Device 20312 | -6/Hub_04(d) | Identified EM Dispersion Field 20319 | -6/Hub_04(d) | Found Prototype Energy Cannon 20378 | -6/Hub_04(d) | Found Prototype Energy Cannon 20629 | -6/Hub_04(d) | First assault squad dispatched 20647 | -6/Hub_04(d) | Incoming assault squad redirected 20717 | -6/Hub_04(d) | Destroyed 9 combat bots 20720 | -6/Hub_04(d) | Network Hub disabled 20730 | -6/Hub_04(d) | Spotted Lightning 20738 | -6/Hub_04(d) | Spotted Lightning 20738 | -6/Hub_04(d) | Spotted Lightning 20756 | -6/Hub_04(d) | Destroyed Lightning 20764 | -6/Hub_04(d) | Destroyed Lightning 20772 | -6/Hub_04(d) | System corruption reached 10% 20782 | -6/Hub_04(d) | Destroyed Lightning 20829 | -6/Hub_04(d) | Build established: Scavenger-Tank 20896 | -6/Hub_04(d) | Spotted Lightning 20896 | -6/Hub_04(d) | Spotted Lightning 20897 | -6/Hub_04(d) | Spotted Lightning 20921 | -6/Hub_04(d) | Destroyed Lightning 20955 | -6/Hub_04(d) | Destroyed Lightning 20957 | -6/Hub_04(d) | Destroyed Lightning 21043 | -6/Hub_04(d) | Network Hub disabled 21081 | -6/Hub_04(d) | Entered Garrison 21493 | -6/Garrison | Build established: Scavenger-Skirmisher 23114 | -6/Garrison | Triggered checkpoint 23211 | -6/Garrison | Garrison Relay disabled 23332 | -6/Garrison | Triggered checkpoint 23683 | -6/Garrison | Discovered exit to Factory (range 8) 23764 | -6/Garrison | Build established: Scavenger-Tank 23854 | -6/Garrison | Triggered checkpoint 23902 | -6/Garrison | Triggered checkpoint 23955 | -6/Garrison | Discovered exit to Factory (range 12) 24272 | -6/Garrison | Discovered exit to Factory (range 9) 24297 | -6/Garrison | Expanded RIF knowledge: Program Shield 24352 | -6/Garrison | Triggered checkpoint 24369 | -6/Garrison | Garrison Relay disabled 24604 | -6/Garrison | Build established: Scavenger-Mutant 24700 | -6/Garrison | Triggered checkpoint 24753 | -6/Garrison | Garrison Relay disabled 25057 | -6/Garrison | Entered Factory 25057 | -5/Factory | Accompanied by 2 allies 25057 | -5/Factory | Evolved 2 slots: Propulsion x1, Utility x1 25266 | -5/Factory | Identified exit to Upper Caves 25498 | -5/Factory | Sucked down chute 25498 | -5/Factory | Entered Waste 25513 | -5/Waste | EMP discharged 25560 | -5/Waste | Spotted C-40 Crusher 25592 | -5/Waste | Spotted C-40 Crusher 25613 | -5/Waste | EMP discharged 25639 | -5/Waste | Spotted C-40 Crusher 25688 | -5/Waste | Destroyed C-40 Crusher 25691 | -5/Waste | Spotted C-40 Crusher 25713 | -5/Waste | EMP discharged 25727 | -5/Waste | Spotted C-40 Crusher 25813 | -5/Waste | EMP discharged 25913 | -5/Waste | EMP discharged 25948 | -5/Waste | Spotted C-40 Crusher 25955 | -5/Waste | Destroyed C-40 Crusher 25962 | -5/Waste | Found Damper Plating 26013 | -5/Waste | EMP discharged 26113 | -5/Waste | EMP discharged 26122 | -5/Waste | Destroyed C-40 Crusher 26213 | -5/Waste | EMP discharged 26220 | -5/Waste | Discovered new exit (range 15) 26313 | -5/Waste | EMP discharged 26355 | -5/Waste | Destroyed C-40 Crusher 26413 | -5/Waste | EMP discharged 26513 | -5/Waste | EMP discharged 26613 | -5/Waste | EMP discharged 26664 | -5/Waste | Destroyed C-40 Crusher 26670 | -5/Waste | Found Damper Plating 26696 | -5/Waste | Destroyed C-40 Crusher 26713 | -5/Waste | EMP discharged 26810 | -5/Waste | Entered Factory 27094 | -5/Factory | Build established: Scavenger-Tank 27164 | -5/Factory | Discovered exit to Upper Caves (range 13) 27381 | -5/Factory | Discovered new exit (range 53) 27583 | -5/Factory | Fabricated Adv. Force Field (x2) 27874 | -5/Factory | Repaired Broken Centrium Heavy Treads 27924 | -5/Factory | Repaired Adv. Variable Charge Gun 28242 | -5/Factory | Entered Upper Caves 28296 | -5/Upper Caves | Learned Factory interactive machine intel 28938 | -5/Upper Caves | Attracted the attention of an 0b10 outpost 29633 | -5/Upper Caves | Discovered new exit (range 14) 29814 | -5/Upper Caves | Entered another Upper Caves area 29814 | -5/Upper Caves | Accompanied by 2 allies 29880 | -5/Upper Caves | Destroyed 13 combat bots 30000 | -5/Upper Caves | Discovered new exit (range 14) 30719 | -5/Upper Caves | Found Alien Artifact 30985 | -5/Upper Caves | Attracted the attention of an 0b10 checkpoint 31013 | -5/Upper Caves | Discovered new exit (range 7) 31026 | -5/Upper Caves | Entered Zhirov 31026 | -5/Zhirov | Discovered new exit (range 4) 31059 | -5/Zhirov | Met Zhirov 31097 | -5/Zhirov | Learned location of Quarantine (-2) 31097 | -5/Zhirov | Learned location of Testing (-3) 31097 | -5/Zhirov | Learned location of Command (-1) 31133 | -5/Zhirov | Zhirov requested help retrieving the SGEMP Prototype 31166 | -5/Zhirov | Found Alien Artifact 31166 | -5/Zhirov | Identified Integrated Dissipator 31166 | -5/Zhirov | Installed Integrated Dissipator, increased core heat dissipation (+20) 31249 | -5/Zhirov | Found Alien Artifact 31253 | -5/Zhirov | Identified EMDS (x2) 31562 | -5/Zhirov | Entered Proximity Caves 31583 | -4/Proximity Caves | Build established: Scavenger-Mutant 31917 | -4/Proximity Caves | Build established: Scavenger-Tank 32030 | -4/Proximity Caves | Learned 4 Research zone layouts 32278 | -4/Proximity Caves | Discovered new exit (range 11) 32289 | -4/Proximity Caves | Build established: Scavenger-Mutant 32315 | -4/Proximity Caves | Entered Factory 32315 | -4/Factory | Evolved 2 slots: Power x1, Weapon x1 32316 | -4/Factory | Loaded intel: 46 interactive machine locations 32605 | -4/Factory | Identified exit to Upper Caves 32963 | -4/Factory | Fabricated Adv. Force Field (x2) 32998 | -4/Factory | Build established: Scavenger-Tank 33311 | -4/Factory | Local fabrication network quarantined 33315 | -4/Factory | First assault squad dispatched 33396 | -4/Factory | Fabricated Lgt. Regenerative Plating (x1) 33584 | -4/Factory | Found Unknown Device 33584 | -4/Factory | Identified Quantum Capacitor 33648 | -4/Factory | Entered Upper Caves 33922 | -4/Upper Caves | Attracted the attention of an 0b10 checkpoint 33952 | -4/Upper Caves | Build established: Generator-Tank 34015 | -4/Upper Caves | Attracted the attention of an 0b10 outpost 34187 | -4/Upper Caves | Encountered a Warlord checkpoint 34316 | -4/Upper Caves | Discovered new exit (range 15) 34763 | -4/Upper Caves | Entered another Upper Caves area 34763 | -4/Upper Caves | Accompanied by 1 ally 34766 | -4/Upper Caves | Attracted the attention of an 0b10 checkpoint 35416 | -4/Upper Caves | Discovered new exit (range 9) 35433 | -4/Upper Caves | Entered Warlord 35433 | -4/Warlord | Accompanied by 1 ally 35484 | -4/Warlord | Discovered new exit (range 9) 35502 | -4/Warlord | Identified Dimensional Node Initializer 35502 | -4/Warlord | Initialized slip node 35676 | -4/Warlord | RIF detected upon attempting to enter Warlord's base 35676 | -4/Warlord | Attacked by Warlord forces 35696 | -4/Warlord | Spotted ZV-IFC(B) 35696 | -4/Warlord | Spotted XT-1WC(B) 35728 | -4/Warlord | Destroyed XT-1WC(B) 35828 | -4/Warlord | Warlord's base attacked by MAIN.C 35831 | -4/Warlord | Destroyed ZV-IFC(B) 35916 | -4/Warlord | Destroyed 7 combat bots 35923 | -4/Warlord | Lost 10 parts (3p2n4u1w) 35941 | -4/Warlord | Spotted V0-7L7(g) 35951 | -4/Warlord | Destroyed V0-7L7(g) 36037 | -4/Warlord | Destroyed 7 combat bots 36082 | -4/Warlord | Spotted JB-4GB(g) 36145 | -4/Warlord | Build established: Scavenger-Mutant 36157 | -4/Warlord | Crushed by falling debris 36161 | -4/Warlord | Opened Warlord's prototype stash 36166 | -4/Warlord | Destroyed Fake God Mode 36178 | -4/Warlord | Warlord forces counterattacked 36180 | -4/Warlord | Found Prototype Reactor 36188 | -4/Warlord | Found Prototype Processor 36188 | -4/Warlord | Identified Exp. Core Analyzer 36195 | -4/Warlord | Identified Vortex Chain Reactor 36205 | -4/Warlord | Lost 3 parts (1u2w) 36208 | -4/Warlord | Spotted 0D-APX(K) 36208 | -4/Warlord | Spotted XS-LDB(K) 36244 | -4/Warlord | Core integrity fell below 50% 36245 | -4/Warlord | Destroyed 0D-APX(K) 36273 | -4/Warlord | System corruption reached 10% 36288 | -4/Warlord | Released all parts (7) 36312 | -4/Warlord | Core integrity fell below 20% 36342 | -4/Warlord | Lost 16 parts (6n3u7w) 36367 | -4/Warlord | Destroyed by 9B-1Z7(Y) with Heavy Autocannon Last Messages --------------- 36305_ Destroyed Tesla Rifle. 36308_ System corrupted: Hvy. Machine Gun targeting data glitched. 36310_ Destroyed Hpw. Shock Rifle. 36311_ KE Penetrator destroyed. 36311_ Hvy. Machine Gun destroyed. 36311_ Imp. System Backup Module destroyed. 36312_ Penetrated by HV Slug. 36312_ HV Slug penetrates Wall. 36314_ Acquired 57 matter. 36318_ ANNOUNCEMENT: MAIN.C reinforcements approaching through caves, arriving soon. 36322_ System corrupted: Matter fused (-8). 36322_ Acquired Flexi-carbon Leg. 36328_ ANNOUNCEMENT: Detected 1 Programmer squad, 1 Grunt squad, 1 Saboteur squad, 1 Demolisher squad, with prototype support. 36329_ Acquired Flexi-carbon Leg. 36340_ Acquired 48 matter. 36344_ Acquired Neutrino Core. 36345_ System corrupted: Heat flow error (+285). 36346_ Acquired 10 matter. Map ----- +----------------------------------------------------+ | ??????????????????????????????????? | | ??????????????????????????????????? | | ??????????????????????????????????? | | ??????????????????????????????????? | | ??????????????????????????????????? | | ??????????????????????????????????? | | ??????????????????????????????????? | | ??????????????????????????????????? | | ??????????????????????????????????? | | ??????????????????????????????????? | | ??????????????????????????????????? | | ??????????????????????????????????? | | ??????????????????????????????????? | | ??????????????????????????????????? | | ??????????????????????????????????? | | ??????????????????????????????#???? | | ????????????????????????? %?## #??? | | ???????##???????????????? # ##?? | | ??????## ###??????#+##?+#=[=![""### | | ??????? #??????" ? %=%%[%]%% | | ???????? #????" # ? ***!% "### | | ######### #?? # ###"#%[" = | | # # # """" # # %! "!%" | | # M + """" # # # # | | # """"" # # """" # # # # | | # """"" ;Y@; """" # *# % # +% | | # """"" # # # !%% % # #% | | # # # # [# % # # | | # """"" # ########%%# % [# # | | # """""%+! ![ + ! #% #### | | ? """"" # !!% # =%"% #??? | | # #####/##### ## =##=#?## | | # #?? !%* ??# ## ## ### | | ######### !% ?# ## ##!%= = | | ????????# "" ## ## ### ## | | ????????#? ""##+#########?####" | | ????????? """#???????????????# | | ????????# """#???????????????# | | ????????# "?????????????????# | | ????????# "????????????????###! | | ????????# ????????????????# *% | | ????????##"###?????????????????#!!* | | ?????????# ????????????????????#*!= | | ?????????? ????????????????????# ** | | ???????????????????????????????# | | ???????????????????????????????# | | ???????????????????????????????# * | | ???????????????????????????????# | | ???????????????????????????????#!! | | ???????????????????????????????+%= | +----------------------------------------------------+ Best States ------------- Heat Dissipation 139 Coolant Potential 65 Energy Generation 69 Energy Capacity 1330 Matter Stores 500 Matter Capacity 500 Sight Range 16 Robot Scan Range 30 Terrain Scan Density 10 Power Amplification 30 Armor Coverage 2400 Resistance: KI 20 Resistance: EM 90 Core Shielding 20 Propulsion Shielding 33 Utility Shielding 90 Weapon Shielding 66 Phase Shifting 20 Evasion (%) 60 Targeting Accuracy 8 Core Analysis 15 Recoil Reduction 4 Offensive Hacking 20 Defensive Hacking 11 Relay Coupler Types 31 Relay Coupler Value 1 Item Schematics ----------------- Hcp. Storage Unit | -10/Materials | Hacked Arm. Treads | -8/Materials | Hacked Combat Drone Bay | -7/Data Miner | Free Lgt. Regenerative Plating | -7/Data Miner | Free Exp. Cesium-ion Thruster | -7/Data Miner | Free Exp. Terrain Scanner | -7/Data Miner | Free Exp. Terrain Scan Processor | -7/Data Miner | Free Exp. ECM Suite | -7/Data Miner | Free Adv. Force Field | -6/Factory | Scanalyzed Assault Drone Bay | -5/Zhirov | Free Exp. Heat Sink | -5/Zhirov | Free Imp. Arc Thrower | -5/Zhirov | Free Exp. Optical Array | -5/Zhirov | Free Robot Schematics ------------------ S-27 Virus | -7/Data Miner | Free G-50 Soldier | -7/Data Miner | Free G-67 Veteran | -7/Data Miner | Free X-72 Disruptor | -7/Data Miner | Free H-66 Slayer | -7/Data Miner | Free I-36 Angel | -7/Data Miner | Free Fabricated ------------ Hcp. Storage Unit | x1 | -7/Factory Hcp. Storage Unit | x1 | -7/Factory Adv. Force Field | x2 | -5/Factory Adv. Force Field | x2 | -4/Factory Lgt. Regenerative Plating | x1 | -4/Factory Alien Tech Used ----------------- Integrated Dissipator Dimensional Node Initializer Achievements -------------- 404 Challenges ------------ None Game ------ Seed TrackerLinkedExtractor Manual? 0 Play Time 05:11:47 Cumulative 275.8 hours Start 2020.12.17 @ 11:05:44 End 2020.12.17 @ 16:40:19 Sessions 1 Manual Loads 0 Difficulty Rogue Special Mode None Game No. 278 Rogue 278 Adventurer 0 Explorer 0 Win Type - Total 4 Types 4/0/0/0/0/0/0/0/0 Lore% 63 Gallery% 79 Achievement% 61 Wizard Run 0 Options --------- ASCII 0 Keyboard 0 Movement Numpad Keybinds 0 Fullscreen 2 Font 24/Terminus Map View 76x50 Tactical HUD 1 Map Filters NONE Filters NONE Steam 1 RUN: e604124e-8b91-4401-b433-c42499cf032a